 Seeded DCSS version 0.28-a0-1555-g9ae15a6949 (webtiles) character file.

Game seed: 7759258550572993451 (custom seed)

29 croobank the Insei (level 2, 0/23 HPs)
             Began as a Demigod Transmuter on Jan 19, 2022.
             Slain by a goblin (2 damage)
             ... led by Robin
             ... on level 2 of the Dungeon.
             The game lasted 00:03:41 (1307 turns).

croobank the Insei (Demigod Transmuter)             Turns: 1307, Time: 00:03:42

Health: 0/23       AC:  2    Str: 17    XL:     2   Next: 81%
Magic:  6/7        EV: 12    Int: 15    God:
Gold:   62         SH:  5    Dex: 14    Spells: 2/5 levels left

rFire   . . .      SeeInvis .   g - +0 short sword
rCold   . . .      Faith    .   (no shield)
rNeg    . . .      Spirit   .   a - +0 robe
rPois   .          Reflect  +   (no helmet)
rElec   .          Harm     .   (no cloak)
rCorr   .          Rampage  .   (no gloves)
Will    .....                   (no boots)
Stlth   +.........              d - amulet of reflection
HPRegen 0.07/turn               h - +6 ring of strength
MPRegen 0.10/turn               (no ring)

@: wereblooded
A: high mp 1, forlorn, divine attributes
a: no special abilities


You were on level 2 of the Dungeon.
You visited 1 branch of the dungeon, and saw 2 of its levels.

You collected 62 gold pieces.

Inventory:

Hand Weapons
 g - a +0 short sword (weapon)
Missiles
 b - a stone
 c - 25 bolts
Armour
 a - a +0 robe (worn)
 e - a +0 scale mail
 f - a +0 chain mail
Magical Staves
 i - a staff of poison
Jewellery
 d - an amulet of reflection (around neck)
 h - a +6 ring of strength (left hand)
Scrolls
 j - a scroll of vulnerability {unknown}


   Skills:
 + Level 1.3 Fighting
 + Level 2.1 Dodging
 + Level 3.0 Unarmed Combat
 + Level 2.0 Spellcasting
 + Level 2.1 Transmutations


You had 2 spell levels left.
You knew the following spells:

 Your Spells              Type           Power      Damage    Failure   Level
a - Beastly Appendage     Tmut           14%        N/A       10%         1
b - Wereblood             Tmut           7%         N/A       14%         2

Your spell library contained the following spells:

 Spells                   Type           Power      Damage    Failure   Level
 Spider Form              Tmut/Pois      4%         N/A       38%         3
 Ice Form                 Ice/Tmut       4%         N/A       80%         4


Dungeon Overview and Level Annotations

Branches:
Dungeon (2/15)

Annotations:
D:2 Robin


Innate Abilities, Weirdness & Mutations

You have an increased reservoir of magic. (+10% MP)
You shall have no god before yourself.
Your divine heritage dramatically boosts your attributes as you level up.


Message History

Robin throws the goblin at you! The goblin barely misses you.
You block the goblin's attack. Robin throws the goblin at you!
You closely miss the goblin.
You howl as the wereblood boils in your veins!
You hear a shout! x2
The goblin no longer looks unusually strong.
You block the goblin's attack.
The goblin hits you but does no damage. x2
The goblin barely misses you. You block the goblin's attack.
The goblin completely misses you.
You hit the goblin.
The goblin is heavily wounded.
The goblin closely misses you.
A goblin comes into view. It is wielding a +0 dagger.
The goblin barely misses you. You block the goblin's attack.
The goblin misses you.
You hit the goblin.
You feel a bit better.
You kill the goblin!
The goblin hits you but does no damage.
Robin roars a battlecry!
The goblins go into a battle-frenzy!
The goblin barely misses you. The goblin hits you with a +0 club.
The goblin closely misses you.
Your Unarmed Combat skill increases to level 3!
You aren't carrying any potions.
You barely miss the goblin. Your punch misses the goblin.
A goblin comes into view. It is wielding a +0 dagger.
The goblin hits you with a +0 dagger. x2; The goblin hits you with a +0 club.
* * * LOW HITPOINT WARNING * * *
The goblin barely misses you.
The goblin no longer looks unusually strong.
The goblin hits you but does no damage.
The goblin closely misses you. x2; Robin throws the goblin at you!
* * * LOW HITPOINT WARNING * * *
The goblin hits you with a +0 dagger.
* * * LOW HITPOINT WARNING * * *
The goblin barely misses you. The goblin closely misses you.
Robin throws the goblin at you!
* * * LOW HITPOINT WARNING * * *
The goblin hits you with a +0 dagger.
You die...

#.##...##...##
..#..<.......## g
....†.........# g
..............# .#
##............# #.##.
##....######## ######
##g.... ##...#PPPP##
##g...##.g.g#
###.#PPP.P###gg..g#....###
#.'.PPP.._g@Pg..)).....#
###P.P..###.....#...####
#PP.P## ##....#.#.# ######
#######..# .## ##


You could see Robin and 5 goblins.

Vanquished Creatures
  2 dart slugs (D:1)
  2 ball pythons (D:1)
  4 bats
  4 endoplasms (D:1)
  2 giant cockroaches (D:1)
  4 goblins (D:2)
  A hobgoblin (D:1)
  A quokka (D:1)
20 creatures vanquished.

Vanquished Creatures (others)
  2 plants (D:2)
  5 withered plants (D:2)
7 creatures vanquished.

Grand Total: 27 creatures vanquished

Notes
Turn   | Place    | Note
-------+----------+-------------------------------------------
     0 | D:1      | croobank the Demigod Transmuter began the quest for the
                  | Orb.
     0 | D:1      | Reached XP level 1. HP: 15/15 MP: 5/5
    76 | D:1      | Reached skill level 1 in Fighting
   718 | D:1      | Reached XP level 2. HP: 19/23 MP: 5/7
   861 | D:1      | Learned a level 2 spell: Wereblood
  1287 | D:2      | Noticed Robin
  1303 | D:2      | Reached skill level 3 in Unarmed Combat
  1307 | D:2      | Slain by a goblin

Illustrated notes

Levels and vault maps discovered:
D:1:      erik_arrival_orb_chamber, layout_basic, minmay_door_square
D:2:      layout_rooms, shapermc_ecumenical_altar_flowoftime, nrook_campfire,
          uniq_robin, uniq_crazy_yiuf_cottage

Skill      XL: |  1  2 |
---------------+-------+-----
Fighting       | 1 |  1.3
Transmutations | 2 |  2.1
Dodging        | 2 |  2.1
Spellcasting   | 2 |  2.0
Unarmed Combat | 3 |  3.0

Action                   || total
-------------------------++-------
Melee: Unarmed           ||    55
       Kick              ||     6
       Headbutt          ||     5
       Short sword       ||     5
       Punch             ||     3
 Cast: Beastly Appendage ||    11
       Wereblood         ||     1
Armor: Robe              ||     9
Dodge: Dodged            ||    40
Block: Other             ||    11
       Reflection        ||     1

Table legend: (Time is in decaauts)
 A = Elapsed time spent in this place.
 B = Non-inter-level travel time spent in this place.
 C = Inter-level travel time spent in this place.
 D = Time resting spent in this place.
 E = Time spent auto-exploring this place.
 F = Levels seen in this place.
 G = Mean time per level.
                   A        B        C        D        E       F      G
               +--------+--------+--------+--------+--------+-----+--------+
         Total |   1304 |   1289 |     15 |    288 |    734 |   2 |  652.0 |
       Dungeon |   1304 |   1289 |     15 |    288 |    734 |   2 |  652.0 |
               +--------+--------+--------+--------+--------+-----+--------+

Top non-repeatable levels by time:
     D:1: 1194 daAuts
     D:2: 110 daAuts
